[Event "37th ECCC 2022"]
[Site "Mayrhofen"]
[Date "2022.10.04"]
[Round "2.50"]
[White "Ertan, Can"]
[Black "Iskandarov, Misratdin"]
[Result "1/2-1/2"]
[ECO "B92"]
[WhiteElo "2372"]
[BlackElo "2601"]
[Annotator "TA"]
[PlyCount "91"]
[EventDate "2022.10.03"]
[EventType "team-tourn"]
[EventCountry "AUT"]
[SourceTitle "playchess.com"]
[Source "ChessBase"]
[SourceQuality "1"]
[TimeControl "40/5400+30:1800+30"]

1. e4 c5 2. Nf3 d6 3. d4 cxd4 4. Nxd4 Nf6 5. Nc3 a6 6. Be2 e5 7. Nb3 Be7 8. O-O Be6 9. f4 Qc7 10. a4 Nbd7 11. a5 {[%emt 0:13:25] B92: Sicilian Najdorf: 6 Be2.} Rc8 12. Kh1 O-O 13. g4 exf4 {[%emt 0:07:23] [#] ...Bxb3 is the strong threat.} 14. Nd4 $146 (14. g5 $11 {and White is okay.} f3 15. Bxf3) ({Predecessor:} 14. g5 Ne8 15. Bxf4 Ne5 16. Nd4 g6 17. Bxe5 dxe5 18. Nxe6 fxe6 19. Rxf8+ Bxf8 20. Bg4 {1-0 (29) Volokitin,A (2447)-Schulte,J (2157) Bad Wiessee 2000}) 14... Ne5 $2 ({Black should play} 14... g5 $19 15. Nf5 Bxf5 16. gxf5 d5 17. exd5 Bc5) 15. g5 $11 Nfd7 16. Bxf4 Rfe8 17. Nxe6 fxe6 18. Qb1 Qc6 (18... Ng6 $17 19. Be3 Nde5) 19. Qa2 Nc5 20. Bc4 {[%emt 0:01:20] [#]} (20. Bxe5 $11 {remains equal.} dxe5 21. b4 Nxe4 22. Bf3 Ng3+ 23. hxg3 Qxc3 24. Bxb7 (24. Qxe6+ Kh8 $11)) 20... Nxc4 (20... Bd8 $1 $17 21. b4 Nxc4 22. Qxc4 Nd7 23. Qxc6 Rxc6) 21. Qxc4 $15 Bf8 22. Rad1 b5 23. axb6 Qxb6 24. Na4 Nxa4 25. Qxa4 Qxb2 26. Bxd6 Qxc2 ({Black should try} 26... Bxd6 $17 27. Rxd6 Rf8 28. Qxa6 (28. Rxf8+ Rxf8 29. Rd1 Qe5 $17) 28... Qxc2) 27. Qxc2 $11 Rxc2 28. e5 Rd8 {[%emt 0:02:41] And now ...Rc6 would win.} 29. Rf3 (29. Bxf8 $11 {keeps the balance.} Rxf8 30. Rxf8+ Kxf8 31. Ra1) 29... Rc6 $17 30. Rfd3 Bxd6 31. exd6 {[%emt 0:00:03][%mdl 4096] Endgame KRR-KRR} Kf7 32. Kg2 e5 (32... Rd7 $17 33. R1d2 e5 34. Rf2+ Ke6) 33. d7 $11 {[%emt 0:01:18] The position is equal.} Ke7 34. Rd5 Ke6 35. Kf3 Kf5 36. h4 Rc3+ 37. Kg2 Rc4 38. Kg3 Rg4+ 39. Kh3 {[%emt 0:00:04] [#] Black must now prevent Rc5.} Re4 40. Rc5 Ke6 41. Rc6+ Ke7 42. Rxa6 Rd4 ({Resist} 42... Rxd7 43. Rxd7+ Kxd7 44. Ra7+ Ke6 45. Rxg7 $14) 43. Re1 Rd5 44. g6 hxg6 45. Rxg6 Kf7 46. Rg5 {[%emt 0:00:00] Weighted Error Value: White=0.27 (precise) /Black=0.19 (very precise)} 1/2-1/2

[Event "37th ECCC 2022"]
[Site "Mayrhofen"]
[Date "2022.10.04"]
[Round "2.51"]
[White "Asadli, Vugar"]
[Black "Thorn, Eric"]
[Result "0-1"]
[ECO "C77"]
[WhiteElo "2575"]
[BlackElo "2351"]
[Annotator "TA"]
[PlyCount "68"]
[EventDate "2022.10.03"]
[EventType "team-tourn"]
[EventCountry "AUT"]
[SourceTitle "playchess.com"]
[Source "ChessBase"]
[SourceQuality "1"]
[TimeControl "40/5400+30:1800+30"]

1. e4 e5 2. Nf3 Nc6 3. Bb5 a6 4. Ba4 Nf6 5. d4 exd4 6. O-O Be7 7. e5 Ne4 8. Nxd4 Nc5 9. Nf5 O-O 10. Qg4 g6 11. Bxc6 dxc6 12. Nxe7+ {[%emt 0:00:05] C84: Closed Ruy Lopez: Unusual White 6th moves.} Qxe7 13. Qg3 Re8 14. Re1 {[%emt 0:00:05] The position is equal.} Bf5 15. Nc3 Ne6 {[%emt 0:02:25] Against Bg5} 16. Ne4 Bxe4 17. Rxe4 Rad8 {[%emt 0:05:29] [#] ( -> ...Rd1+)} 18. Re1 $146 {[%emt 0:10:38] Prevents Rd1.} ({Predecessor:} 18. Bh6 Qc5 19. c3 Qb5 20. b3 Qd3 21. Re3 Qc2 22. h4 Rd1+ 23. Rxd1 Qxd1+ 24. Kh2 {0-1 (39) Kosteniuk,A (2474)-Martinez Alcantara,J (2620) Chess.com INT 2021}) 18... Qb4 19. c3 Qb5 20. h3 Rd3 21. Qh4 b6 22. Kh2 c5 23. f4 Qc4 24. Qf2 Ng7 {[%emt 0:02:53] Black has more active pieces.} 25. g4 h5 26. Be3 hxg4 27. hxg4 g5 28. Rf1 f5 {[%emt 0:07:43] [#] Strongly threatening ...Rf8.} 29. Rg1 $2 ({White should try} 29. Rae1 $1 $15) 29... Kf7 30. Rae1 $2 {[%emt 0:00:42] Now White is beyond hope.} (30. Rg2 $17) 30... Rh8+ $19 {[%emt 0:05:08] Black is clearly winning.} 31. Kg2 Qe4+ 32. Kf1 Rh3 33. Rg3 Rxg3 34. Qxg3 gxf4 {[%emt 0:00:16] Weighted Error Value: White=0.32/Black=0.37} 0-1

[Event "37th ECCC 2022"]
[Site "Mayrhofen"]
[Date "2022.10.04"]
[Round "2.52"]
[White "Cederstam, Carl"]
[Black "Ahmadzada, Ahmad"]
[Result "0-1"]
[ECO "C88"]
[WhiteElo "2337"]
[BlackElo "2488"]
[Annotator "TA"]
[PlyCount "58"]
[EventDate "2022.10.03"]
[EventType "team-tourn"]
[EventCountry "AUT"]
[SourceTitle "playchess.com"]
[Source "ChessBase"]
[SourceQuality "1"]
[TimeControl "40/5400+30:1800+30"]

1. e4 e5 2. Nf3 Nc6 3. Bb5 a6 4. Ba4 Nf6 5. O-O Be7 6. Re1 b5 7. Bb3 O-O 8. a4 b4 9. a5 d6 10. c3 Rb8 11. d4 bxc3 12. bxc3 exd4 13. cxd4 Bg4 {[%emt 0:02:16] next ...Bxf3 is good for Black.} 14. Be3 {[%emt 0:00:31] C90: Closed Ruy Lopez with 7...d6: Early deviations.} (14. Ba4 $11 Bxf3 15. gxf3) 14... d5 $1 $17 (14... Nxe4 15. Bd5 $16) 15. e5 Ne4 {[%emt 0:00:54] [#]} 16. h3 $146 {[%emt 0:08:32] Black is better.} ({Predecessor:} 16. Qc2 Nb4 17. Qe2 c5 18. dxc5 Nxc5 19. Bxc5 Bxc5 20. h3 Bxf3 21. Qxf3 Nc6 22. Qd3 {0-1 (74) Akatova,E (2320)-Kachiani Gersinska,K (2388) Plovdiv 2008}) 16... Bh5 {[%emt 0:07:31] Black has more active pieces. The white rooks are badly placed.} 17. Qc1 Bb4 {[%emt 0:08:11] Threatens to win with ...Bxf3.} ({Much worse is} 17... Rxb3 $6 18. Qxc6 Bxf3 19. gxf3 Nxf2 20. Bxf2 $15) (17... Nxe5 $6 18. Nxe5 Rxb3 19. Nc6 $11) 18. Qxc6 Bxe1 19. Bxd5 {[%emt 0:01:01] [#]} Bxf2+ 20. Bxf2 Nxf2 21. Kxf2 {[%emt 0:01:43] Loses the game.} (21. Nbd2 $17 Nd3 22. Bc4) 21... Rb2+ $1 $19 22. Kg3 Bxf3 {[%emt 0:01:31][%mdl 64] Remove Defender} 23. Bxf3 (23. Kxf3 Qg5 24. Nc3 Qxg2+ 25. Ke3 Qf2+ 26. Ke4 Rd2 $19) 23... Qxd4 24. Qe4 {[%emt 0:13:01] [#]} Qg1 25. e6 fxe6 {[%emt 0:01:21] Chess con chili.} ({Stronger than} 25... f5 26. Qd5 Kh8 27. e7 Qe1+ 28. Kh2 Qxe7 29. Na3 $11) 26. Qxe6+ (26. Ra3 Kh8 27. Re3 Qf2+ 28. Kh2 Rxb1 29. Qxe6) 26... Kh8 {[%emt 0:00:07] ( -> ...Rxf3+)} 27. Nd2 Qxa1 28. Nc4 {[%emt 0:02:22] [#]} Rb5 (28... Rxf3+ $142 $1 29. gxf3 (29. Kxf3 Qf1+) 29... Qg1+ 30. Kf4 Qh2+ 31. Ke4 Qe2+ 32. Kd4 Qxe6 33. Nxb2 Qf6+ 34. Kd5 Qxb2 35. f4 Qd2+ 36. Ke5 Qd6+ 37. Ke4 Qe6+ 38. Kd4 Qxh3 39. Ke4 Qe6+ 40. Kd3 h5 41. Kd2 h4 42. Kc3 h3 43. f5 Qxf5 44. Kc4 h2 45. Kb3 h1=Q 46. Kc3 Qc1+ 47. Kb3 Qd5+ 48. Kb4 Qdc4#) 29. Qxa6 {[%emt 0:00:42] [#]} Rxf3+ $1 {[%emt 0:00:51] Weighted Error Value: White=1.34/Black=0.34} 0-1

[Event "37th ECCC 2022"]
[Site "Mayrhofen"]
[Date "2022.10.04"]
[Round "2.53"]
[White "Sadikhov, Ulvi"]
[Black "Renman, Nils-Gustaf"]
[Result "1-0"]
[ECO "A06"]
[WhiteElo "2473"]
[BlackElo "2329"]
[Annotator "TA"]
[PlyCount "74"]
[EventDate "2022.10.03"]
[EventType "team-tourn"]
[EventCountry "AUT"]
[SourceTitle "playchess.com"]
[Source "ChessBase"]
[SourceQuality "1"]
[TimeControl "40/5400+30:1800+30"]

1. Nf3 d5 2. g3 c6 3. Bg2 Bg4 4. O-O Nd7 5. d3 Ngf6 6. h3 Bxf3 {[%emt 0:01:31] A07: Réti Opening: New York and Capablanca Systems.} 7. Bxf3 e5 8. e4 dxe4 9. dxe4 Bc5 10. c3 a5 11. a4 O-O 12. Nd2 Qc7 13. Qe2 Rfe8 14. Bg2 Rad8 15. Nc4 {[%emt 0:02:19] [#]} Ra8 $146 ({Predecessor:} 15... h6 16. Qf3 Nh7 17. h4 Ra8 18. Rd1 Nb6 19. Ne3 Bxe3 20. Qxe3 Rad8 21. Re1 Nf6 {½-½ (53) Demidov,M (2552)-Solak,D (2594) Chess.com INT 2020}) 16. Ne3 g6 17. Nc2 Kg7 18. Kh1 Bb6 19. b4 Nf8 20. f4 (20. Ne3 $11) 20... Nh5 $15 21. Qf3 f5 ({Better is} 21... exf4 $15 22. Bxf4 Nxf4 23. gxf4 Red8) 22. exf5 $14 e4 (22... exf4 $11 {is more appropriate.} 23. f6+ (23. gxf4 Nd7 $11) 23... Kg8 24. Bxf4 Nxf4) 23. Qg4 $16 Nf6 24. Qh4 (24. Qg5 $6 h6 25. Qh4 gxf5 $11) ({White should try} 24. Qe2 $1 $16) 24... e3 $1 $36 {[%emt 0:06:57][%mdl 2048] Black has some pressure.} 25. Re1 e2 {[%emt 0:01:16] And now ...Bf2 would win.} 26. g4 {[%emt 0:01:24] Hoping for c4.} Ne4 27. Bxe4 Rxe4 28. c4 $2 (28. Qg3 $11) 28... Qd8 (28... axb4 $19 {aiming for ...b3.} 29. Bb2+ Kf7 30. fxg6+ hxg6) 29. Bb2+ (29. Qg3 $1 $11 {keeps the balance.}) 29... Kg8 $17 30. Qh6 {[%emt 0:03:37][%csl Gb2][%cal Rh6g7] [#]} Qe7 {[%emt 0:03:31] Inhibits Qg7+.} 31. fxg6 Nxg6 32. f5 {[%emt 0:00:25] [#]} Nf4 (32... Qf8 $1 $17 33. Qxf8+ Nxf8) 33. Bf6 $2 (33. Ra3 $1 $11) 33... Qf8 $19 {[%emt 0:03:17][%mdl 1024] Black has strong compensation.} 34. Qg5+ Kf7 35. Bb2 $2 (35. c5 $2 h6 36. Qh4 Bd8 37. Bxd8 Rxd8 $19) (35. Be5 {was worth a try.} Nxh3 36. Qf6+ Ke8 37. Qe6+ Qe7 38. Qg8+ Kd7 39. Red1+ (39. Qxa8 Nf2+ 40. Kg2 Rxg4+ 41. Kf3 Rg3+ 42. Kxe2 Qxe5+) 39... exd1=Q+ 40. Rxd1+ Bd4 41. Qxa8 (41. Rxd4+ $2 Rxd4 42. Qe6+ Qxe6 $19) 41... Nf2+ 42. Kg2 Rxg4+ 43. Kf1 (43. Kf3 Rg3+ 44. Ke2 Qxe5+ 45. Kf1 Rg1+ 46. Kxg1 Qg3+ 47. Kf1 Qh3+ 48. Ke2 Qh5+ 49. Kf1 Qh1+ 50. Ke2 Qxd1#) 43... Nxd1 44. Qxb7+ Ke8 45. Qxe7+ Kxe7 46. Nxd4 axb4 47. Ke2 Nc3+ 48. Kd3) 35... Bd8 36. f6 Bc7 $2 (36... axb4 $19 37. a5 (37. Qf5 $2 Qh6 $19) 37... Qg8) 37. Nd4 $11 {[%emt 0:01:25] Ra3 is the strong threat. Really sharp!} (37. Qf5 $2 Qh6 38. Qd7+ (38. Qxe4 {leads to mate.} Qxh3+ 39. Kg1 Qg3+ 40. Kh1 Qh4+ 41. Kg1 Nh3+ 42. Kh1 Ng5+ 43. Kg2 Qh2#) 38... Kg8 $19) 37... Nd3 $2 {[%emt 0:00:00][%mdl 8192] What a bad dream for Black.  Weighted Error Value: White=0.38/Black=0.54} (37... Rd8 $11 {and Black has nothing to worry.} 38. Qh4 (38. Qf5 $2 Qh6 $19) 38... Qg8) 1-0

[Event "37th ECCC 2022"]
[Site "Mayrhofen"]
[Date "2022.10.04"]
[Round "2.54"]
[White "Tuomainen, Felix"]
[Black "Babazada, Khazar"]
[Result "0-1"]
[ECO "A85"]
[WhiteElo "2222"]
[BlackElo "2463"]
[Annotator "TA"]
[PlyCount "86"]
[EventDate "2022.10.03"]
[EventType "team-tourn"]
[EventCountry "AUT"]
[SourceTitle "playchess.com"]
[Source "ChessBase"]
[SourceQuality "1"]
[TimeControl "40/5400+30:1800+30"]

1. d4 f5 2. c4 Nf6 3. Nc3 d6 4. Bg5 Nbd7 5. d5 {[%emt 0:03:02] [#]} e5 $146 ({Predecessor:} 5... g6 6. g3 Bg7 7. Bg2 Nc5 8. Nf3 Nfe4 9. Nxe4 Nxe4 10. Qc1 c6 11. O-O cxd5 12. cxd5 Qb6 {0-1 (74) Kamsky,G (2732)-Wang,H (2736) Beijing 2011}) 6. dxe6 {[%emt 0:03:16] A85: Dutch Defence: 2 c4 Nf6 3 Nc3.} Nc5 7. Nf3 Nxe6 8. Bxf6 {[%emt 0:01:40] The position is equal.} (8. e3 {looks sharper.} g6 9. h4 Bg7 10. Qc2) 8... Qxf6 9. g3 g5 10. Bg2 Bg7 11. O-O O-O (11... f4 {feels hotter.} 12. Nd5 Qf7 13. Bh3 h6) 12. Qd2 g4 13. Ne1 f4 14. Rb1 (14. Nd5 $11 {is superior.} Qxb2 15. Qxb2 Bxb2 16. Rb1) 14... Qh6 (14... Qf7 $15) 15. Nd5 fxg3 16. Qxh6 gxf2+ $1 17. Rxf2 Bxh6 18. Nf6+ Kh8 {[%emt 0:00:08] And now ...Nf4 would win.} 19. Nxg4 Rxf2 20. Kxf2 Bg7 21. Bf3 Ng5 22. b3 Bd4+ 23. e3 {[%emt 0:06:48] Black continues to play with concentration.} ({White should play} 23. Kg2 $15) 23... Bb6 {[%emt 0:00:38] White must now prevent ...Bxg4.} 24. Ke2 {[%emt 0:05:35] [#]} (24. h4 $17 Bf5 25. Rb2 Nxf3 26. Kxf3) 24... Bf5 $1 $19 25. Rd1 Nxf3 26. Kxf3 Rf8 {[%emt 0:00:09] Threatens to win with ...Bc2+.} 27. Kg3 Be6 {[%emt 0:01:54] aiming for ...Rg8.} ({Don't go for} 27... Rg8 $2 28. h3) 28. Nf2 Bxe3 29. Ned3 Bf5 30. Re1 Bg5 31. Ne4 Bh6 32. Ndf2 Bg7 33. h3 Be5+ {[%emt 0:00:05] This bishop pair is nice.} 34. Kg2 Rg8+ 35. Kf3 Bg6 36. Ng4 Bd4 37. Ng5 {[%emt 0:01:46] [#]} h5 $1 38. Ne3 Rf8+ 39. Kg3 Re8 40. Ng2 Rxe1 41. Nxe1 Bb1 42. a3 Ba2 43. Ngf3 Bc3 {[%emt 0:00:07] Weighted Error Value: White=0.19 (very precise) /Black=0.07 (flawless)} 0-1

[Event "37th ECCC 2022"]
[Site "Mayrhofen"]
[Date "2022.10.04"]
[Round "2.55"]
[White "Thorgeirsson, Jon Kristinn"]
[Black "Elsness, Frode"]
[Result "0-1"]
[ECO "D37"]
[WhiteElo "2237"]
[BlackElo "2468"]
[Annotator "TA"]
[PlyCount "114"]
[EventDate "2022.10.03"]
[EventType "team-tourn"]
[EventCountry "AUT"]
[SourceTitle "playchess.com"]
[Source "ChessBase"]
[SourceQuality "1"]
[TimeControl "40/5400+30:1800+30"]

1. d4 d5 2. Nf3 Nf6 3. c4 e6 4. Nc3 a6 5. cxd5 exd5 6. Bg5 {[%emt 0:00:10] D37: Queen's Gambit Declined: 5 Bf4.} Be6 7. e3 Nbd7 8. Bd3 {[%emt 0:00:57] White has an edge.} c6 9. O-O Bd6 {[%emt 0:02:30] Inhibits Ne5.} 10. Re1 h6 11. Bf4 Qc7 12. Qd2 O-O {[%emt 0:01:15] [#]} 13. Rac1 $146 ({Predecessor:} 13. h3 Rfe8 14. Rac1 Rad8 15. a3 Nb6 16. Ne5 Nfd7 17. Nxd7 Rxd7 18. Bxd6 Qxd6 19. Ne2 {0-1 (58) Gunina,V (2471)-Sarana,A (2666) Kazan 2022}) 13... Bg4 14. Bxd6 Qxd6 15. Nh4 Rfe8 16. h3 Be6 17. Ne2 Ne4 18. Qa5 Qe7 19. Nf3 Rac8 20. Bxe4 dxe4 21. Nd2 Bd5 22. Nf4 Nf6 23. Rc2 g5 24. Ne2 Kh8 25. Rec1 Rg8 26. Nf1 h5 27. b4 h4 28. Nh2 g4 29. hxg4 Nxg4 30. Nf4 Nxh2 $2 (30... Nf6 $11) 31. Kxh2 ({White should play} 31. Nxd5 $16 Qg5 32. Nf4 Qxa5 33. bxa5) 31... Rg5 $14 32. Qxd5 Rxd5 $17 ({Don't take} 32... cxd5 33. Rxc8+ Kg7 34. R1c7 $14) 33. Nxd5 Qd6+ 34. Nf4 b6 {[%emt 0:02:52] Against Rc5. Black is more active.} (34... Qxb4 $15 35. Rc5 Qb2 36. Rh5+ Kg7) 35. d5 c5 36. bxc5 Rxc5 37. Rxc5 bxc5 $11 {[%emt 0:00:02][%mdl 4096] Endgame KQ-KRN} 38. Rc4 f5 39. Kh3 Kg8 40. Kxh4 {[%emt 0:01:05] Threatens to win with Kg5.} Kf7 41. g4 Qh6+ 42. Kg3 $2 {[%emt 0:00:00][%mdl 8192] Loses the game.} (42. Nh5 $1 $11 {and White is okay.}) 42... Qh1 $19 {[%emt 0:00:43] [#] And now ...Qf3+ would win.} 43. Nh3 $2 (43. gxf5 {keeps fighting.} Qf3+ 44. Kh2) 43... fxg4 (43... Qf3+ $142 44. Kh2 Qe2 45. Rxc5 fxg4 46. Rc7+ (46. Ng5+ $2 Kf6 $19) 46... Kf6 47. Rc6+ Kf5) 44. Ng5+ $2 (44. Kxg4 Qd1+ 45. Kg3 Qxd5 46. Rc2) 44... Kg6 45. Nxe4 Qf3+ 46. Kh2 g3+ $1 {[%emt 0:01:19][%mdl 64] [#] Deflection, Decoy} 47. Nxg3 Qxf2+ 48. Kh3 Qxe3 49. Rg4+ $2 (49. d6 {was the only chance.}) 49... Kf7 {[%emt 0:00:28] Black is clearly winning.} 50. Kg2 Qd2+ 51. Kf3 Qxd5+ 52. Ne4 c4 {[%emt 0:00:57][%cal Bc5c4,Bc4c3,Bc3c2][%mdl 32] ...c3 is the strong threat.} 53. Rg5 Qd3+ 54. Kf4 c3 55. Rc5 c2 56. Rc7+ Kf8 57. Rc8+ Ke7 {[%emt 0:00:17] Weighted Error Value: White=0.66/Black=0.22 (precise)} 0-1

[Event "37th ECCC 2022"]
[Site "Mayrhofen"]
[Date "2022.10.04"]
[Round "2.56"]
[White "Mihajlov, Sebastian"]
[Black "Sigurpalsson, Runar"]
[Result "1-0"]
[ECO "B06"]
[WhiteElo "2375"]
[BlackElo "2280"]
[Annotator "TA"]
[PlyCount "41"]
[EventDate "2022.10.03"]
[EventType "team-tourn"]
[EventCountry "AUT"]
[SourceTitle "playchess.com"]
[Source "ChessBase"]
[SourceQuality "1"]
[TimeControl "40/5400+30:1800+30"]

1. e4 g6 2. d4 Bg7 3. Nc3 d6 4. Be3 e5 5. Qd2 Nc6 6. Nge2 exd4 7. Nxd4 Nge7 8. O-O-O O-O {[%emt 0:02:28] C46: 3 Nc3: Unusual Black 3rd moves.} 9. Nxc6 bxc6 {[%emt 0:06:22] [#]} 10. h4 $146 {[%emt 0:04:46][%cal Bh2h4,Bh4h5,Bh5g6][%mdl 32] White is more active.} ({Predecessor:} 10. Bh6 Bh8 11. h4 Rb8 12. h5 d5 13. hxg6 fxg6 14. Bc4 Rf7 15. Bb3 Be6 16. exd5 Bxd5 {0-1 (31) Druska,J (2495)-Vachier Lagrave,M (2784) Chess.com INT 2021}) 10... Be6 ({Better is} 10... h5) 11. h5 $1 $16 f5 (11... Nc8 $16) 12. Bh6 $1 $18 Rf7 {[%emt 0:05:02] [#]} 13. hxg6 $1 hxg6 14. Bxg7 Rxg7 15. exf5 ({Don't do} 15. Qh6 $6 Kf7 16. Re1 d5 $18) 15... gxf5 16. Qe3 ({But not} 16. Qh6 $6 Ng6 17. Be2 Qf6 $16) 16... Bf7 17. Bd3 $40 {[%emt 0:02:17][%mdl 128] White has strong attack.} Qd7 18. g4 {[%emt 0:06:15] aiming for gxf5.} fxg4 {[%emt 0:03:25] [#]} 19. Ne4 $1 ({Much less strong is} 19. Qh6 $6 Kf8 $16) 19... Qe6 {[%emt 0:04:38] Against Nf6+} 20. Rh6 {[%emt 0:00:07][%mdl 1024] White has strong compensation.} Nf5 $2 (20... Rg6 {is tougher.} 21. Rh7 Kf8) 21. Rxe6 {[%emt 0:00:07] White took control after the opening.  Weighted Error Value: White=0.15 (very precise) /Black=0.81} 1-0

[Event "37th ECCC 2022"]
[Site "Mayrhofen"]
[Date "2022.10.04"]
[Round "2.57"]
[White "Bergsson, Stefan"]
[Black "Mikalsen, Erlend"]
[Result "1-0"]
[ECO "E24"]
[WhiteElo "2153"]
[BlackElo "2354"]
[Annotator "TA"]
[PlyCount "47"]
[EventDate "2022.10.03"]
[EventType "team-tourn"]
[EventCountry "AUT"]
[SourceTitle "playchess.com"]
[Source "ChessBase"]
[SourceQuality "1"]
[TimeControl "40/5400+30:1800+30"]

1. d4 Nf6 2. c4 e6 3. Nc3 Bb4 4. a3 Bxc3+ 5. bxc3 Nc6 6. f3 b6 7. e4 Ba6 {[%emt 0:00:42] 7...Na5 might become the main line.} 8. Bd3 {[%emt 0:00:33] E24: Nimzo-Indian: Sämisch: Unusual Black 5th moves and 5...c5 sidelines.} Na5 9. Qe2 d6 10. Nh3 {[%emt 0:00:48] The position is equal.} Qd7 11. Rb1 c5 12. Nf2 {[%emt 0:01:24] [#]} Qa4 $146 (12... e5 $11) ({Predecessor:} 12... e5 13. d5 Qa4 14. Bc2 Qd7 {½-½ (14) Zakharov,A-Trapl,J (2365) Decin 1977}) 13. e5 $16 dxe5 14. dxe5 Nd7 15. Ne4 $1 {[%emt 0:01:32] [#] Nd6+ is the strong threat.} Nb7 (15... Nxc4 $2 16. Bxc4 Bxc4 17. Nd6+ Kf8 18. Nxc4 $18 (18. Qxc4 Qc2 $18)) 16. Bg5 (16. Bf4 $16) 16... h6 (16... Nxe5 $11 {remains equal.} 17. Nd6+ Nxd6 18. Qxe5 Kd7) 17. Bh4 {[%emt 0:03:33] Hoping for Rd1. White is more active. This bishop pair is nice.} Qc6 $2 {[%emt 0:03:23] [#] This move loses the game for Black.} (17... Qxa3 $2 18. O-O Qa4 19. Ra1 $18) (17... Nxe5 $16 18. Nd6+ Nxd6 19. Qxe5 Nf5 20. Bxf5 Qxc4) 18. f4 $1 $18 Qc7 $2 (18... Nf8 {was called for.} 19. Qf3 Qc8) 19. O-O g5 20. fxg5 {[%emt 0:02:36][%cal Og5g6] White is clearly winning.} hxg5 21. Bxg5 {[%emt 0:04:15][%cal Of1f7] Black must now prevent Rxf7!} Qxe5 22. Nf6+ Ke7 23. Qxe5 Nxe5 24. Ng4+ {[%emt 0:00:15] Weighted Error Value: White=0.08 (flawless) /Black=0.68} 1-0

[Event "37th ECCC 2022"]
[Site "Mayrhofen"]
[Date "2022.10.04"]
[Round "2.58"]
[White "Elmi, Saad Abobaker"]
[Black "Thorsteinsson, Arnar"]
[Result "1/2-1/2"]
[ECO "B35"]
[WhiteElo "2263"]
[BlackElo "2215"]
[Annotator "TA"]
[PlyCount "73"]
[EventDate "2022.10.03"]
[EventType "team-tourn"]
[EventCountry "AUT"]
[SourceTitle "playchess.com"]
[Source "ChessBase"]
[SourceQuality "1"]
[TimeControl "40/5400+30:1800+30"]

1. e4 c5 2. Nf3 g6 3. d4 Bg7 4. Nc3 cxd4 5. Nxd4 Nc6 6. Be3 Nf6 7. Bc4 d6 8. f3 O-O 9. Bb3 Bd7 10. Qd2 Qc7 11. O-O-O Rfc8 12. Kb1 {[%emt 0:00:30] B78: Sicilian Dragon: Yugoslav Attack, 9 Bc4 Bd7 10 0-0-0 Rc8.} Ne5 13. g4 (13. Bg5 $16) 13... Nc4 (13... b5 $1 $14) 14. Bxc4 $16 {[%emt 0:00:36] White is better.} Qxc4 {[%emt 0:00:07] [#]} 15. g5 ({Better is} 15. Bh6 $1 $16) 15... Nh5 $14 16. Nd5 {[%emt 0:00:54] aiming for b3.} Re8 {[%emt 0:05:48] [#]} 17. Ne2 $146 ({Predecessor:} 17. b3 Qc8 18. c4 Bc6 19. Rc1 Qd8 20. Nb5 e6 21. Ndc7 Bxb5 22. cxb5 Qd7 23. Nxe8 Qxe8 {1-0 (31) Corrales Ibanez,P (2077)-Martin Marfil,F (2041) Malaga 1986}) 17... Be6 18. Ng3 Bxd5 19. Qxd5 b5 20. Nxh5 {[%emt 0:05:04] Dancing on a razor blade. Active counter play!} gxh5 21. Qxc4 (21. c3 {feels hotter.} Reb8 22. Rhg1 Rc8 23. Qxc4 Rxc4 24. Rd5) 21... bxc4 22. Bd4 Rec8 23. Rhe1 Rab8 24. Re3 Rb5 25. h4 Rcb8 26. b3 a5 27. Bxg7 Kxg7 {[%emt 0:00:26][%mdl 4096] Endgame KRR-KRR} 28. Rd4 cxb3 29. axb3 h6 30. f4 hxg5 31. hxg5 (31. fxg5 $11 f6 32. gxf6+ Kxf6 33. Rg3) 31... f6 (31... Rb4 $17 32. Rd1 a4) 32. gxf6+ $11 {[%emt 0:00:33] The position is equal.} Kxf6 33. Kb2 Rb4 34. Rd5 R4b5 35. Rd4 Rb4 36. Rd5 R4b5 {[%emt 0:00:15] Strongly threatening ...Rxd5.} 37. Rd4 {[%emt 0:02:34] Weighted Error Value: White=0.17 (very precise) /Black=0.14 (very precise)} 1/2-1/2

[Event "37th ECCC 2022"]
[Site "Mayrhofen"]
[Date "2022.10.04"]
[Round "2.59"]
[White "Karason, Askell O"]
[Black "Stigar, Petter"]
[Result "1/2-1/2"]
[ECO "E21"]
[WhiteElo "2146"]
[BlackElo "2206"]
[Annotator "TA"]
[PlyCount "67"]
[EventDate "2022.10.03"]
[EventType "team-tourn"]
[EventCountry "AUT"]
[SourceTitle "playchess.com"]
[Source "ChessBase"]
[SourceQuality "1"]
[TimeControl "40/5400+30:1800+30"]

1. d4 Nf6 2. c4 e6 3. Nc3 Bb4 4. Nf3 c5 5. g3 Nc6 6. Bg2 Ne4 7. Qd3 cxd4 8. Nxd4 Nxc3 9. bxc3 Ne5 {[%emt 0:00:42] E20: Nimzo-Indian: 4 g3 and 4 f3.} 10. Qc2 Be7 11. Qb3 O-O {[%emt 0:01:29] The position is equal.} 12. Bf4 Qc7 13. O-O d6 14. Nb5 $1 Qb8 {[%emt 0:00:23] [#]} (14... Qc5 $11) 15. a4 $146 (15. Rfd1 $14 {was preferrable.}) ({Predecessor:} 15. Qb4 a5 16. Qb3 Bd7 17. Rfd1 Bc6 18. Bxc6 bxc6 19. Nd4 Qc7 20. Qa4 Rfc8 21. Bxe5 dxe5 {½-½ (37) Campos Moreno,J (2450)-Beltran Rueda,S (2310) Barcelona 1993}) 15... a6 $11 16. Na3 Nd7 17. a5 Qc7 18. Rfd1 Rb8 19. Qb4 Nc5 20. Rab1 Rd8 21. Be3 Bd7 22. Bxc5 (22. Nc2 $11) 22... dxc5 $15 23. Qb6 Qe5 (23... Qxb6 $15 24. Rxb6 Bc8) 24. Qa7 (24. Bxb7 $5 Ba4 25. Rxd8+ Rxd8 26. Bxa6 Qxc3 27. Qc7 $11) 24... Be8 25. Rxd8 Bxd8 26. Rxb7 Rxb7 27. Qxb7 {[%emt 0:00:05][%cal Oa3b5] [#] Hoping for Nb5!} Qc7 (27... Bxa5 $2 28. Bc6 $18) (27... Qxc3 $11 28. Nb5 Qe1+ 29. Bf1 Qxa5) 28. Qxa6 $14 Qxa5 29. Qxa5 Bxa5 {[%emt 0:00:02] KBB-KBN} 30. Nb5 Kf8 31. Kf1 Ke7 32. Ke1 Bxb5 33. e3 $2 {[%mdl 8192] [#]} (33. cxb5 $11 Bxc3+ 34. Kd1) 33... Be8 34. Kf1 {[%mdl 32768] Weighted Error Value: White=0.29 (precise) /Black=0.23 (precise) . An unexpected result.} 1/2-1/2